 Dungeon Crawl Stone Soup version 0.30.1-9-gdf580d7c3d (webtiles) character file.

Game seed: 7436443935517733569

18 KittyFluff the Trooper (level 2, -4/19 HPs)
             Began as a Gargoyle Berserker on Oct 14, 2023.
             Was a Follower of Trog.
             Slain by a black bear (5 damage)
             ... on level 2 of the Dungeon.
             The game lasted 00:02:39 (662 turns).

KittyFluff the Trooper (Gargoyle Berserker)          Turns: 662, Time: 00:02:41

Health: -4/19      AC:  5    Str: 20    XL:     2   Next: 70%
Magic:  2/2        EV: 12    Int:  7    God:    Trog [*.....]
Gold:   67         SH:  0    Dex:  9    Spells: 1/1 levels left

rFire   . . .        a - +0 mace
rCold   . . .        (no shield)
rNeg    + . .        b - +0 animal skin
rPois   ∞            (no helmet)
rElec   +            (no cloak)
rCorr   .            (no gloves)
SInv    .            (no boots)
Will    .....        (no amulet)
Stlth   +            (no ring)
HPRegen 0.23/turn    (no ring)
MPRegen 0.08/turn

%: no passive effects
@: no status effects
A: sickness immunity, AC +2, negative energy resistance 1, electricity
resistance, torment resistance 1, petrification resistance
a: Renounce Religion, Berserk


You were on level 2 of the Dungeon.
You worshipped Trog.
Trog was aware of your devotion.
You visited 1 branch of the dungeon, and saw 2 of its levels.

You collected 67 gold pieces.

Inventory:

Hand Weapons
 a - a +0 mace (weapon)
Missiles
 c - 5 javelins (quivered)
Armour
 b - a +0 animal skin (worn)
Scrolls
 d - a scroll of fog {unknown}
 f - 2 scrolls of identify {unknown}
 g - a scroll of immolation {unknown}
Potions
 e - a potion of curing {unknown}
 h - a potion of heal wounds {unknown}


   Skills:
 + Level 3.4 Fighting
 * Level 3.3 Maces & Flails
 * Level 2.7 Armour
 + Level 1.7 Dodging


You had one spell level left.
You didn't know any spells.
Your spell library was empty.

Dungeon Overview and Level Annotations

Branches:
Dungeon (2/15)

Altars:


Innate Abilities, Weirdness & Mutations

You are immune to sickness and miasma.
Your stone body is resilient. (AC +2)
You are immune to poison.
You resist negative energy. (rN+)
You are resistant to electric shocks. (rElec)
You are resistant to unholy torment.
You are immune to petrification.


Message History

You hit the black bear.
The black bear is lightly wounded.
The black bear bites you. The black bear misses you.
The black bear closely misses you.
You hit the black bear.
The black bear is heavily wounded.
The black bear closely misses you. The black bear claws you.
The black bear barely misses you.
You hit the black bear but do no damage.
The black bear is heavily wounded.
The black bear bites you but does no damage.
The black bear closely misses you. The black bear barely misses you.
You barely miss the black bear.
The black bear is heavily wounded.
The black bear closely misses you. x2
The black bear claws you but does no damage.
You hit the black bear.
The black bear is severely wounded.
The black bear bites you.
The black bear claws you but does no damage. x2
The black bear bites you but does no damage.
The black bear closely misses you.
The black bear claws you but does no damage.
You sock the black bear!
The black bear is almost dead.
The black bear goes berserk!
You hit the black bear.
The black bear is almost dead.
The black bear closely misses you. The black bear misses you.
The black bear claws you. The black bear barely misses you.
The black bear claws you.
* * * LOW HITPOINT WARNING * * *
The black bear closely misses you.
You hit the black bear but do no damage.
The black bear is almost dead.
The black bear misses you. The black bear closely misses you.
The black bear claws you.
* * * LOW HITPOINT WARNING * * *
The black bear bites you.
You die...

. #######
#.#..>..#
#.#.....#
.......
..... ...
#h# #@#
#........
#..######
...# ##.#
.# .# .#


You could see a black bear (berserk).

Vanquished Creatures
  3 ball pythons (D:1)
  An endoplasm (D:1)
  5 hobgoblins (D:1)
  3 quokkas (D:1)
  A frilled lizard (D:1)
  3 rats (D:1)
16 creatures vanquished.

Notes
Turn   | Place    | Note
-------+----------+-------------------------------------------
     0 | D:1      | KittyFluff the Gargoyle Berserker began the quest for the
                  | Orb.
     0 | D:1      | Reached XP level 1. HP: 14/14 MP: 1/1
   143 | D:1      | Reached XP level 2. HP: 19/19 MP: 2/2
   647 | D:2      | Noticed a black bear
   662 | D:2      | Slain by a black bear

Illustrated notes

Levels and vault maps discovered:
D:1:      pf_arrival_petrified_forest, layout_loops_cross
D:2:      layout_loops_cross, minmay_pentomino_q4

Action                     || total
---------------------------++-------
  Melee: Mace              ||    53
 Armour: Animal skin       ||    18
  Dodge: Dodged            ||    43
